 Dungeon Sprint DCSS version 0.19-a0-330-g034cfd4 (webtiles) character file.

56847509 namelastname112 the Ninja (level 22, 64/190 HPs)
             Began as a Vampire Enchanter on May 28, 2016.
             Was a High Priest of Dithmenos.
             Escaped with the Orb
             ... and 17 runes!
             The game lasted 01:01:38 (32442 turns).

namelastname112 the Ninja (Vampire Enchanter)      Turns: 32442, Time: 01:01:39

Health: 64/190     AC: 35    Str: 17    XL:     22   Next: 63%
Magic:  61/62      EV: 31    Int: 22    God:    Dithmenos [*****.]
Gold:   623        SH: 16    Dex: 31    Spells: 5 memorised, 63 levels left

rFire  + + +     SeeInvis +     P - +9 double sword (distort)
rCold  + + +     Gourm    .     y - +4 shadow dragon armour
rNeg   + + +     Faith    .     d - +0 shield
rPois  ∞         Spirit   .     D - +0 helmet {Int+3}
rElec  .         Dismiss  +     p - +1 cloak
rCorr  .         Reflect  .     z - +0 pair of gloves {Dex+3}
SustAt .         Harm     .     O - +0 pair of boots of the Mind {Str+5 Int-3 Dex+9 SInv}
MR     +++++     NoTele   +     K - amulet of Qiab {Dismiss rPois rF+++ MP+9 Int-4}
Stlth  ++++++++++               N - ring "Udunt" {Ice rPois Slay+6}
                                w - ring of Osmobeti {rN+ Str+4 Int+4 Slay+3}

@: shadow-form, very slightly contaminated, bloodless, non-regenerating,
wreathed by umbra, invisible, immune to hostile enchantments, uncannily stealthy
A: fangs 3, see invisible, berserk 1, clever 1, fire resistance 1, frail 1, weak
1, unbreathing
a: Bat Form, End Transformation, Shadow Step, Shadow Form, Renounce Religion
0: Orb of Zot
}: 17/15 runes: decaying, serpentine, barnacled, slimy, elven, silver, golden,
iron, obsidian, icy, bone, abyssal, glowing, magical, fiery, dark, gossamer


You escaped.
You worshipped Dithmenos.
Dithmenos was extremely pleased with you.
You were bloodless.
You were a swirling mass of dark shadows.
You visited 1 branch You collected 1580 gold pieces.
You spent 957 gold pieces at shops.

Inventory:

Hand Weapons
 o - the +4 staff of Dispater
   (You took it off Dispater in the Dungeon)
 s - a +9 rapier of electrocution
 P - a +9 double sword of distortion (weapon)
Armour
 d - a +0 shield (worn)
 p - a +1 cloak (worn)
 u - a +0 robe of fire resistance
 y - a +4 shadow dragon armour (worn)
 z - a +0 pair of gloves of dexterity (worn)
 D - a +0 helmet of intelligence (worn)
 O - the +0 pair of boots of the Mind (worn) {Str+5 Int-3 Dex+9 SInv}
   (You found it in the Dungeon)

   It affects your strength (+5).
   It affects your intelligence (-3).
   It affects your dexterity (+9).
   It lets you see invisible.
Jewellery
 w - the ring of Osmobeti (left hand) {rN+ Str+4 Int+4 Slay+3}
   (You bought it in a shop in the Dungeon)

   [ring of positive energy]

   It affects your strength (+4).
   It affects your intelligence (+4).
   It affects your accuracy and damage with ranged weapons and melee attacks
   (+3).
   It protects you from negative energy.
 B - an uncursed ring of wizardry
 C - an uncursed ring of protection from fire
 K - the amulet of Qiab (around neck) {Dismiss rPois rF+++ MP+9 Int-4}
   (You found it in the Dungeon)

   [amulet of dismissal]

   It may teleport away creatures that harm you.
   It affects your intelligence (-4).
   It renders you almost immune to fire.
   It protects you from poison.
   It affects your magic capacity (+9).
 M - the ring of Weniploe {rF+ rC+ Dex+3}
   (You found it in the Dungeon)

   [ring of dexterity]

   It affects your dexterity (+3).
   It protects you from fire.
   It protects you from cold.
 N - the ring "Udunt" (right hand) {Ice rPois Slay+6}
   (You found it in the Dungeon)

   [ring of ice]

   It enhances your ice magic, and weakens your fire magic.
   It affects your accuracy and damage with ranged weapons and melee attacks
   (+6).
   It makes you vulnerable to fire.
   It protects you from cold.
   It protects you from poison.
Wands
 n - a wand of iceblast (6/15)
 Q - a wand of hasting (0/9)
Scrolls
 a - 2 scrolls of identify
 j - 5 scrolls of blinking
 l - 7 scrolls of remove curse
 m - 2 scrolls of amnesia
 t - a scroll of enchant weapon
 A - 4 scrolls of fear
Potions
 g - 2 potions of haste
 h - 5 potions of magic
 i - 5 potions of berserk rage
 k - a potion of invisibility
 q - 3 potions of resistance
 E - a potion of blood
 G - a potion of brilliance
Books
 c - a book of Maledictions

   Spells                             Type                      Level
   a - Corona                         Hexes                        1
   b - Ensorcelled Hibernation        Hexes/Ice                    2
   c - Confuse                        Hexes                        3
   d - Tukima's Dance                 Hexes                        3
   e - Dazzling Spray                 Conjuration/Hexes            3
Miscellaneous
 r - the horn of Geryon
 L - a fan of gales


   Skills:
 O Level 27 Fighting
 O Level 27 Short Blades
 + Level 26.0 Throwing
 + Level 25.7 Armour
 O Level 27 Dodging
 O Level 27 Stealth
 - Level 17.0 Shields
 O Level 27 Spellcasting
 - Level 25.6 Hexes
 + Level 24.2 Invocations
 O Level 27 Evocations


You had 63 spell levels left.
You knew the following spells:

 Your Spells              Type           Power        Failure   Level  Hunger
a - Tukima's Dance        Hex            #####...     0%          3    None
b - Corona                Hex            #####..      0%          1    None
c - Dazzling Spray        Conj/Hex       ###...       1%          3    None
x - Confuse               Hex            #####...     0%          3    None
z - Ensorcelled Hibernat  Hex/Ice        #####.       1%          2    None


Dungeon Overview and Level Annotations

Branches:
Dungeon (1/1)

Altars:
Cheibriados
Dithmenos
Elyvilon
Fedhas
Gozag
Hepliaklqana
Kikubaaqudgha
Makhleb
Nemelex Xobeh
Okawaru
Pakellas
Qazlal
Ru
Sif Muna
Trog
Ukayaw
Vehumet
Xom
Yredelemnul
Zin
The Shining One
Beogh
Jiyva
Lugonu

Shops:
D ===!

Annotations:
D Antaeus, Cerebov, Royal Jelly


Innate Abilities, Weirdness & Mutations

You do not heal naturally.
You are immune to poison.
You have razor-sharp teeth.
You have supernaturally acute eyesight. (SInv)
You can survive without breathing.
You tend to lose your temper in combat.
Your mind is acute. (Int +2)
Your flesh is heat resistant. (rF+)
You are frail. (-10% HP)
You are weak. (Str -2)


Message History

You turn into a swirling mass of dark shadows.
You feel drained.
You fade into the shadows.
You now have 53/62 mp.
You feel yourself slow down.
There is a basalt altar of Yredelemnul here.
You hit the Orb Guardian but do no damage.
The Orb Guardian is devoured by a tear in reality.
Your base Throwing skill increases to level 26!
Your life force feels restored.
There is an ancient bone altar of Kikubaaqudgha here.
There is a glowing golden altar of the Shining One here.
There is a glowing silver altar of Zin here.
There is an open door to the Temple here.
There is an open door here.
There is an open door to the Dungeon, spattered with blood here.
Things that are here:
a dagger; a club
There is a staircase leading out of the dungeon here.
You can't go down here!
You have escaped!

▓.▓.▓.▓.▓[▓.▓.▓§▓.
▓.▓§▓'▓.▓.▓.▓.▓§▓.
▓.▓.▓.▓.▓W▓.▓.▓§▓§
▓.▓.▓.▓[▓§▓.▓.▓.▓§
▓)▓.▓.▓.▓§▓.▓.▓[▓.
▓.▓.▓4▓.▓§▓.▓.▓.▓.
▓.▓.▓.▓.▓§▓.▓.▓1▓.
▓.▓.▓.▓.▓§▓.▓.▓)▓.
▓W▓...▓§§§▓...▓..(
▓▓▓▓▓▓▓▓▓▓▓▓▓▓▓▓▓▓


There were no monsters in sight!

Vanquished Creatures
  Asmodeus (D)
  Ereshkigal (D)
  Gloorx Vloq (D)
  Lom Lobon (D)
  Mnoleg (D)
  Dispater (D)
  3 ancient liches (D)
  2 orbs of fire (D)
  Mennas (D)
  4 greater mummies (D)
  Boris (D)
  2 Killer Klowns (D)
  A curse toe (D)
  Geryon (D)
  Norris (D)
  A pandemonium lord (D)
  Nikola (D)
  5 golden dragons (D)
  A profane servitor (D)
  Jory (D)
  2 Tzitzimimeh (D)
  A Brimstone Fiend (D)
  3 electric golems (D)
  4 liches (D)
  5 tentacled monstrosities (D)
  A Hell Sentinel (D)
  33 Orb Guardians (D)
  A quicksilver dragon (D)
  4 deep elf blademasters (D)
  An Executioner (D)
  A death cob (D)
  9 acid blobs (D)
  Kirke (D)
  A tentacled starspawn (D)
  A thorn hunter (D)
  12 sphinxes (D)
  4 storm dragons (D)
  7 greater nagas (D)
  A tengu reaver (D)
  7 shadow dragons (D)
  7 azure jellies (D)
  3 draconian monks (D)
  Ilsuiw (D)
  Donald (D)
  Wiglaf (D)
  A frost giant (D)
  A deep elf sorcerer (D)
  A draconian knight (D)
  6 emperor scorpions (D)
  4 vault wardens (D)
  2 draconian scorchers (D)
  4 ghost moths (D)
  Aizul (D)
  A cacodemon (D)
  4 draconian zealots (D)
  A draconian shifter (D)
  A stone giant (D)
  A warmonger (D)
  A draconian annihilator (D)
  2 ironheart preservers (D)
  A starcursed mass (D)
  4 vampire knights (D)
  A green draconian (D)
  5 very ugly things (D)
  2 deep elf demonologists (D)
  A blood saint (D)
  A white draconian (D)
  A salamander stormcaller (D)
  2 yellow draconians (D)
  A lorocyproca (D)
  A deep elf annihilator (D)
  3 purple draconians (D)
  4 mottled draconians (D)
  5 dire elephants (D)
  2 black draconians (D)
  4 merfolk javelineers (D)
  4 ettins (D)
  25 vault guards (D)
  A deep elf death mage (D)
  4 merfolk impalers (D)
  4 mummy priests (D)
  6 death oozes (D)
  4 deep elf high priests (D)
  Harold (D)
  6 fire dragons (D)
  A rakshasa (D)
  2 hell beasts (D)
  2 ogre magi (D)
  6 hydras (D)
  2 yaktaur captains (D)
  4 naga warriors (D)
  A merfolk avatar (D)
  4 ice dragons (D)
  Erica (D)
  2 merfolk aquamancers (D)
  4 centaur warriors (D)
  A catoblepas (D)
  An alligator snapping turtle (D)
  An alligator (D)
  A hell hog (shapeshifter) (D)
  A deep troll shaman (D)
  A thrashing horror (D)
  A vampire mage (D)
  2 deep troll earth magi (D)
  A naga sharpshooter (D)
  A tengu warrior (D)
  2 small abominations (D)
  A spriggan berserker (D)
  A shock serpent (D)
  8 orc high priests (D)
  A soul eater (D)
  3 sun demons (D)
  A fire crab (shapeshifter) (D)
  A salamander mystic (D)
  A fire crab (D)
  4 shadow demons (D)
  2 unseen horrors (D)
  2 putrid demonspawn (D)
  6 swamp dragons (D)
  2 cherubim (D)
  A deep elf archer (D)
  A torturous demonspawn (D)
  2 hill giants (D)
  7 orc knights (D)
  2 ironbrand convokers (D)
  An orb spider (D)
  3 wolf spiders (D)
  A manticore (D)
  2 griffons (D)
  3 cyclopes (D)
  5 ugly things (D)
  A hornet (D)
  4 sixfirhies (D)
  A rust devil (D)
  8 moths of wrath (D)
  3 elephants (D)
  3 vault sentinels (D)
  A gargoyle (D)
  4 orange demons (D)
  A naga mage (D)
  A water nymph (D)
  6 smoke demons (D)
  2 guardian serpents (D)
  3 spiny frogs (D)
  A rime drake (D)
  2 freezing wraiths (D)
  4 demonic crawlers (D)
  8 hellwings (D)
  19 guardian mummies (D)
  A tormentor (D)
  6 ice devils (D)
  4 merfolk (D)
  4 yaktaurs (D)
  3 red devils (D)
  A troll (D)
  4 large abominations (D)
  A jumping spider (D)
  A raiju (D)
  A wandering mushroom (D)
  2 slime creatures (D)
  A blink frog (D)
  A wind drake (D)
  3 boulder beetles (D)
  5 redbacks (D)
  3 ynoxinuls (D)
  A shadow (D)
  11 spriggans (D)
  A tarantella (D)
  A yak (D)
  2 hogs (D)
  2 chaos spawn (D)
  3 neqoxecs (D)
  A hippogriff (D)
  5 nagas (D)
  A vampire mosquito (D)
  An insubstantial wisp (D)
  3 water moccasins (D)
  3 giant eyeballs (D)
  10 orc warriors (D)
  3 porcupines (D)
  2 swamp drakes (D)
  An ice beast (D)
  An eye of draining (D)
  A centaur (D)
  A crocodile (D)
  A big kobold (D)
  A giant frog (D)
  A scorpion (D)
  A killer bee (D)
  A crimson imp (D)
  A jelly (D)
  A hound (D)
  2 quasits (D)
  8 orc priests (D)
  3 iron imps (D)
  An iguana (D)
  3 orc wizards (D)
  2 adders (D)
  2 river rats (D)
  2 shadow imps (D)
  3 white imps (D)
  An ufetubus (D)
  7 orcs (D)
  3 goblins (D)
  A hobgoblin (D)
  2 quokkas (D)
  A ball python zombie (D)
  A rat (D)
586 creatures vanquished.

Vanquished Creatures (collateral kills)
  An orc warrior (D)
1 creature vanquished.

Vanquished Creatures (others)
  3 pandemonium lords (D)
  2 Orb Guardians (D)
  A deep elf blademaster (D)
  An acid blob (D)
  A daeva (D)
  A balrug (D)
  A cacodemon (D)
  A black draconian (D)
  A dancing weapon (D)
  A soul eater (D)
  An unseen horror (D)
  A cherub (D)
  An infernal demonspawn (D)
  A gelid demonspawn (D)
  2 hornets (D)
  A sixfirhy (D)
  A rust devil (D)
  A yaktaur (D)
  A hellwing (D)
  A large abomination (D)
  A ynoxinul (D)
  A human (D)
  A chaos spawn (D)
  A swamp drake (D)
  A giant frog (D)
  A white imp (D)
  3 ball lightnings (D)
33 creatures vanquished.

Grand Total: 620 creatures vanquished

Notes
Turn   | Place    | Note
--------------------------------------------------------------
     0 | D        | namelastname112 the Vampire Enchanter began the quest for the Orb.
     0 | D        | Reached XP level 1. HP: 13/13 MP: 3/3
    15 | D        | Reached skill level 1 in Fighting
    25 | D        | Reached skill level 5 in Stealth
   192 | D        | Noticed an iguana
   196 | D        | Reached XP level 2. HP: 21/21 MP: 5/5
   198 | D        | Reached skill level 5 in Hexes
   202 | D        | Reached XP level 3. HP: 28/28 MP: 5/7
   207 | D        | Learned a level 3 spell: Confuse
   210 | D        | Learned a level 2 spell: Ensorcelled Hibernation
   224 | D        | Found a glowing silver altar of Zin.
   224 | D        | Found a glowing golden altar of the Shining One.
   224 | D        | Found an ancient bone altar of Kikubaaqudgha.
   224 | D        | Found a basalt altar of Yredelemnul.
   224 | D        | Found a shimmering altar of Xom.
   224 | D        | Found a radiant altar of Vehumet.
   225 | D        | Found an iron altar of Okawaru.
   226 | D        | Found a burning altar of Makhleb.
   227 | D        | Found a deep blue altar of Sif Muna.
   228 | D        | Found a bloodstained altar of Trog.
   229 | D        | Found a sparkling altar of Nemelex Xobeh.
   230 | D        | Found a white marble altar of Elyvilon.
   231 | D        | Found a roughly hewn altar of Beogh.
   232 | D        | Found a viscous altar of Jiyva.
   233 | D        | Found a corrupted altar of Lugonu.
   234 | D        | Found a blossoming altar of Fedhas.
   235 | D        | Found a snail-covered altar of Cheibriados.
   236 | D        | Found a shadowy altar of Dithmenos.
   237 | D        | Found a stormy altar of Qazlal.
   238 | D        | Found an opulent altar of Gozag.
   239 | D        | Found a sacrificial altar of Ru.
   240 | D        | Found an oddly glowing altar of Pakellas.
   241 | D        | Found a hide-covered altar to Ukayaw.
   242 | D        | Found a hazy altar of Hepliaklqana.
   244 | D        | Became a worshipper of Dithmenos the Shadowed
   306 | D        | Noticed a hill giant
   306 | D        | Noticed a scorpion
   306 | D        | Noticed a hill giant
   336 | D        | Killed a scorpion
   336 | D        | Reached XP level 4. HP: 34/34 MP: 0/9
   338 | D        | Killed a hill giant
   338 | D        | Reached skill level 5 in Fighting
   338 | D        | Reached skill level 10 in Stealth
   338 | D        | Reached skill level 5 in Spellcasting
   338 | D        | Reached XP level 5. HP: 44/44 MP: 0/13
   338 | D        | Reached XP level 6. HP: 51/51 MP: 0/14
   340 | D        | Reached * piety under Dithmenos
   340 | D        | Reached XP level 7. HP: 56/56 MP: 1/16
   461 | D        | Reached ** piety under Dithmenos
   493 | D        | Killed a hill giant
   493 | D        | Reached XP level 8. HP: 63/65 MP: 8/18
  2502 | D        | Noticed a troll
  2502 | D        | Noticed a cyclops
  2502 | D        | Noticed a gargoyle
  2502 | D        | Noticed a green ugly thing
  2504 | D        | Killed a green ugly thing
  2511 | D        | Killed a gargoyle
  2515 | D        | Killed a cyclops
  2515 | D        | Reached XP level 9. HP: 72/72 MP: 13/21
  2521 | D        | Killed a troll
  2525 | D        | Reached *** piety under Dithmenos
  2673 | D        | Noticed a spiny frog
  2675 | D        | Reached skill level 1 in Shields
  2676 | D        | Noticed a four-headed hydra
  2677 | D        | Reached skill level 10 in Dodging
  2681 | D        | Killed a spiny frog
  2681 | D        | Reached **** piety under Dithmenos
  2690 | D        | Killed a four-headed hydra
  2690 | D        | Reached skill level 10 in Short Blades
  2722 | D        | Noticed a rime drake
  2723 | D        | Noticed a spiny frog
  2724 | D        | Reached ***** piety under Dithmenos
  2724 | D        | Reached XP level 10. HP: 82/82 MP: 21/23
  2730 | D        | Reached skill level 5 in Shields
  2731 | D        | Noticed a griffon
  2739 | D        | Killed a spiny frog
  2767 | D        | Killed a griffon
  2767 | D        | Reached skill level 15 in Stealth
  3420 | D        | Noticed a dire elephant
  3420 | D        | Noticed an elephant
  3420 | D        | Noticed an elephant
  3420 | D        | Noticed a dire elephant
  3420 | D        | Noticed a dire elephant
  3420 | D        | Noticed a dire elephant
  3421 | D        | Noticed a dire elephant
  3451 | D        | Learned a level 3 spell: Dazzling Spray
  3455 | D        | Learned a level 3 spell: Tukima's Dance
  3462 | D        | Killed a dire elephant
  3473 | D        | Killed a dire elephant
  3568 | D        | Killed a dire elephant
  3568 | D        | Reached skill level 10 in Spellcasting
  3568 | D        | Reached XP level 11. HP: 90/90 MP: 17/25
  3576 | D        | Killed a dire elephant
  3576 | D        | Reached skill level 15 in Hexes
  3713 | D        | Killed a dire elephant
  3713 | D        | Reached ****** piety under Dithmenos
  3713 | D        | Reached skill level 10 in Fighting
  5089 | D        | Noticed an orc knight
  5092 | D        | Noticed an orc knight
  5097 | D        | Noticed an orc knight
  5122 | D        | Killed an orc knight
  5141 | D        | Killed an orc knight
  5168 | D        | Killed an orc knight
  5247 | D        | Noticed an orc knight
  5256 | D        | Killed an orc knight
  5633 | D        | Found Orghaett's Distillery.
  5633 | D        | Noticed an orc high priest
  5633 | D        | Noticed an orc high priest
  5634 | D        | Noticed an orc high priest
  5638 | D        | Noticed an orc high priest
  5638 | D        | Killed an orc high priest
  5642 | D        | Found Zaewa's Jewellery Shop.
  5642 | D        | Noticed an orc high priest
  5649 | D        | Killed an orc high priest
  5660 | D        | Killed an orc high priest
  5664 | D        | Found Oruomoik's Jewellery Boutique.
  5670 | D        | Killed an orc high priest
  5670 | D        | Reached XP level 12. HP: 88/100 MP: 2/27
  5726 | D        | Noticed an orc high priest
  5727 | D        | Noticed an orc high priest
  5731 | D        | Killed an orc high priest
  5736 | D        | Killed an orc high priest
  5739 | D        | Killed an orc high priest
  5755 | D        | Found Vuasm's Jewellery Shop.
  5791 | D        | Noticed an orc high priest
  5798 | D        | Killed an orc high priest
  5817 | D        | Bought a potion of curing for 36 gold pieces
  5817 | D        | Bought a potion of curing for 36 gold pieces
  5817 | D        | Bought a potion of heal wounds for 60 gold pieces
  5817 | D        | Bought a potion of curing for 36 gold pieces
  5821 | D        | Bought the ring of Osmobeti {rN+ Str+4 Int+4 Slay+3} for 789 gold pieces
  5943 | D        | Noticed Harold
  5950 | D        | Killed Harold
  6068 | D        | Noticed a fire dragon
  6068 | D        | Noticed a catoblepas
  6070 | D        | Killed a catoblepas
  6070 | D        | Reached skill level 1 in Throwing
  6076 | D        | Noticed a deep troll earth mage
  6080 | D        | Killed a fire dragon
  6083 | D        | Noticed an ogre mage
  6090 | D        | Noticed a white very ugly thing
  6093 | D        | Noticed a fire dragon
  6099 | D        | Noticed a fire dragon
  6102 | D        | Killed a deep troll earth mage
  6108 | D        | Killed a white very ugly thing
  6110 | D        | Noticed a stone giant
  6111 | D        | Killed an ogre mage
  6593 | D        | Killed a fire dragon
  6600 | D        | Killed a fire dragon
  6611 | D        | Killed a stone giant
  7544 | D        | Noticed Erica
  7551 | D        | Killed Erica
  7551 | D        | Reached XP level 13. HP: 109/109 MP: 29/29
  7600 | D        | Noticed a red very ugly thing
  7601 | D        | Noticed a thorn hunter
  7607 | D        | Killed a red very ugly thing
  7629 | D        | Killed a thorn hunter
  7629 | D        | Reached skill level 5 in Throwing
  7629 | D        | Reached skill level 15 in Dodging
  8038 | D        | Reached skill level 15 in Short Blades
  8962 | D        | Noticed a greater naga
  8965 | D        | Noticed a greater naga
  8984 | D        | Killed a greater naga
  9008 | D        | HP: 2/111 [greater naga/orb of energy (32)]
 10009 | D        | Killed a greater naga
 11292 | D        | Noticed a purple very ugly thing
 11292 | D        | Noticed a frost giant
 11292 | D        | Noticed an ettin
 11296 | D        | Noticed a fire dragon
 11299 | D        | Noticed a brown very ugly thing
 11307 | D        | Killed a frost giant
 11344 | D        | Killed a purple very ugly thing
 11348 | D        | Killed a brown very ugly thing
 11354 | D        | Killed an ettin
 11354 | D        | Reached XP level 14. HP: 118/119 MP: 5/32
 11561 | D        | Noticed a tengu reaver
 11576 | D        | Killed a tengu reaver
 11606 | D        | Noticed a cyan very ugly thing
 11614 | D        | Killed a cyan very ugly thing
 11626 | D        | Noticed an ironheart preserver
 11635 | D        | Killed an ironheart preserver
 11761 | D        | Noticed a vault warden
 11762 | D        | Reached skill level 15 in Spellcasting
 11765 | D        | Killed a vault warden
 11808 | D        | Noticed a vault warden
 11809 | D        | Noticed a storm dragon
 11816 | D        | Killed a vault warden
 11821 | D        | Killed a storm dragon
 12700 | D        | Noticed Wiglaf
 12707 | D        | Killed Wiglaf
 12707 | D        | Reached skill level 15 in Fighting
 12707 | D        | Reached skill level 1 in Armour
 12724 | D        | Noticed a greater naga
 12724 | D        | Noticed a greater naga
 12724 | D        | Noticed a greater naga
 12725 | D        | Noticed a greater naga
 12728 | D        | Killed a greater naga
 12730 | D        | Killed a greater naga
 12730 | D        | Reached skill level 10 in Throwing
 12733 | D        | Noticed a greater naga
 12736 | D        | Killed a greater naga
 12738 | D        | Killed a greater naga
 12738 | D        | Reached XP level 15. HP: 129/129 MP: 34/34
 12746 | D        | Killed a greater naga
 12746 | D        | Reached skill level 5 in Armour
 12832 | D        | Got a decaying rune of Zot
 14009 | D        | Noticed a ghost moth
 14013 | D        | oplop: ты заскучал в данже?
 14053 | D        | namelastname112: в смысле?
 14053 | D        | namelastname112: у меня просто два чара ща стоят
 14053 | D        | namelastname112: не хочу ими ща играть
 14073 | D        | oplop: а
 15356 | D        | Killed a ghost moth
 15643 | D        | Got a gossamer rune of Zot
 15682 | D        | Noticed Ilsuiw
 15735 | D        | Killed Ilsuiw
 15855 | D        | Got a barnacled rune of Zot
 15989 | D        | Noticed Kirke
 16005 | D        | Killed Kirke
 16024 | D        | Gained mutation: Your mind is acute. (Int +2) [potion of beneficial mutation]
 16079 | D        | Reached skill level 10 in Armour
 16100 | D        | Reached XP level 16. HP: 139/139 MP: 27/36
 16742 | D        | Noticed a quicksilver dragon
 16742 | D        | Noticed a tentacled monstrosity
 16744 | D        | Killed a tentacled monstrosity
 16763 | D        | Killed a quicksilver dragon
 16767 | D        | Noticed a shadow dragon
 16769 | D        | Noticed a shadow dragon
 16772 | D        | Reached skill level 10 in Shields
 16804 | D        | Killed a shadow dragon
 16817 | D        | Killed a shadow dragon
 16933 | D        | epen: Охуенно зашёл
 16940 | D        | epen: захожу
 16942 | D        | epen: и тут
 16942 | D        | Gained mutation: Your flesh is heat resistant. (rF+) [potion of beneficial mutation]
 16944 | D        | Got a steaming robe
 16955 | D        | Identified the +2 robe "Jerathro" {MR+ Dex+2 Stlth+} (You found it in the Dungeon)
 16955 | D        | epen: нэймлэстнэйм стопед
 16973 | D        | Noticed a shadow dragon
 16973 | D        | Noticed a golden dragon
 16973 | D        | Noticed a shadow dragon
 16975 | D        | Reached skill level 27 in Stealth
 16976 | D        | Noticed a shadow dragon
 16983 | D        | Killed a shadow dragon
 16987 | D        | oplop: это же лайнспринт?
 17013 | D        | Killed a golden dragon
 17017 | D        | Killed a shadow dragon
 17036 | D        | HP: 7/142 [yaktaur captain/bolt (20)]
 17068 | D        | namelastname112: да
 17068 | D        | namelastname112: он самый
 17667 | D        | Killed a shadow dragon
 18048 | D        | Got a silver rune of Zot
 18053 | D        | Got a brightly glowing short sword
 18054 | D        | Identified the +5 short sword of Uluda {pierce, Dex+4} (You found it in the Dungeon)
 18314 | D        | Noticed Aizul
 18315 | D        | Noticed Mennas
 18320 | D        | Killed Aizul
 18323 | D        | Killed Mennas
 18345 | D        | Noticed Boris
 18352 | D        | Killed Boris
 18352 | D        | Reached XP level 17. HP: 149/149 MP: 39/39
 18354 | D        | Noticed Nikola
 18361 | D        | Killed Nikola
 18363 | D        | oplop: не могу дальше второй комнатый уйти, лол
 18375 | D        | namelastname112: тут от везения много зависит
 18379 | D        | Noticed Norris
 18410 | D        | Killed Norris
 18410 | D        | Reached skill level 5 in Evocations
 18646 | D        | Got the amulet "Kiacas Ziwki" {Reflect Int+5 SH+5}
 18648 | D        | Got the amulet of Qiab {Dismiss rPois rF+++ MP+9 Int-4}
 18649 | D        | namelastname112: вот
 18649 | D        | namelastname112: например
 18649 | D        | namelastname112: зацени амуль нахуй
 18650 | D        | Got the ring of Ydghim Xorui {Fire MR+}
 18653 | D        | Got the ring of Weniploe {rF+ rC+ Dex+3}
 18655 | D        | Got the ring "Udunt" {Ice rPois Slay+6}
 18677 | D        | Got the +0 pair of boots of the Mind {Str+5 Int-3 Dex+9 SInv}
 18751 | D        | oplop: эту хуйню магом реально овообще пройти?
 18752 | D        | namelastname112: наверное
 18752 | D        | oplop: хы
 18777 | D        | Noticed Jory
 18795 | D        | Killed Jory
 18943 | D        | Noticed Donald
 18950 | D        | Killed Donald
 19014 | D        | Noticed a golden dragon
 19014 | D        | Noticed a golden dragon
 19020 | D        | Killed a golden dragon
 19033 | D        | Killed a golden dragon
 19059 | D        | oplop: о, зот пошел
 19379 | D        | Noticed a tentacled monstrosity
 19381 | D        | Reached skill level 15 in Shields
 19383 | D        | Killed a tentacled monstrosity
 19389 | D        | Reached skill level 10 in Evocations
 19398 | D        | Reached skill level 15 in Throwing
 19401 | D        | Noticed an electric golem
 19496 | D        | Noticed a tentacled monstrosity
 19521 | D        | Killed a tentacled monstrosity
 20003 | D        | Reached skill level 15 in Armour
 20019 | D        | Reached XP level 18. HP: 160/160 MP: 1/41
 20174 | D        | Noticed a tentacled monstrosity
 20393 | D        | Killed a tentacled monstrosity
 20393 | D        | Reached skill level 1 in Invocations
 20488 | D        | Noticed an Orb Guardian
 20488 | D        | Noticed an Orb Guardian
 20488 | D        | Noticed an Orb Guardian
 20488 | D        | Noticed an Orb Guardian
 20488 | D        | Noticed an Orb Guardian
 20488 | D        | Noticed an Orb Guardian
 20489 | D        | Noticed an Orb Guardian
 20490 | D        | Killed an Orb Guardian
 20491 | D        | Noticed an Orb Guardian
 20492 | D        | Killed an Orb Guardian
 20493 | D        | Noticed an Orb Guardian
 20494 | D        | Killed an Orb Guardian
 20495 | D        | Noticed an Orb Guardian
 20496 | D        | Killed an Orb Guardian
 20515 | D        | Killed an Orb Guardian
 20588 | D        | Killed an Orb Guardian
 20590 | D        | Killed an Orb Guardian
 20592 | D        | Killed an Orb Guardian
 20592 | D        | Reached skill level 5 in Invocations
 20594 | D        | Killed an Orb Guardian
 20596 | D        | Killed an Orb Guardian
 20598 | D        | Noticed a curse toe
 20598 | D        | Noticed an Orb Guardian
 20598 | D        | Noticed an Orb Guardian
 20615 | D        | Reached skill level 15 in Evocations
 21112 | D        | Noticed an Orb Guardian
 21113 | D        | Noticed an Orb Guardian
 21116 | D        | Killed an Orb Guardian
 21118 | D        | Killed an Orb Guardian
 21122 | D        | Killed a curse toe
 21129 | D        | Killed an Orb Guardian
 21138 | D        | Killed an Orb Guardian
 21241 | D        | Noticed an ancient lich
 21243 | D        | Killed an ancient lich
 21245 | D        | Noticed an orb of fire
 21247 | D        | Killed an orb of fire
 21249 | D        | Noticed an electric golem
 21251 | D        | Killed an electric golem
 21253 | D        | Noticed a golden dragon
 21253 | D        | Noticed an Orb Guardian
 21253 | D        | Noticed a golden dragon
 21253 | D        | Noticed an Orb Guardian
 21254 | D        | Noticed a golden dragon
 21255 | D        | Killed an Orb Guardian
 21256 | D        | Noticed an orb of fire
 21257 | D        | Killed a golden dragon
 21257 | D        | Reached XP level 19. HP: 171/171 MP: 44/44
 21258 | D        | Noticed an electric golem
 21266 | D        | Noticed an electric golem
 21278 | D        | Noticed a Killer Klown
 21280 | D        | Noticed a Killer Klown
 21298 | D        | Killed an orb of fire
 21298 | D        | Reached skill level 10 in Invocations
 21302 | D        | Killed a golden dragon
 21327 | D        | Killed an electric golem
 21344 | D        | Killed an electric golem
 21353 | D        | Killed a Killer Klown
 21357 | D        | Killed a Killer Klown
 22886 | D        | Noticed an ancient lich
 22886 | D        | Noticed a lich
 22886 | D        | Noticed an ancient lich
 22887 | D        | Noticed a lich
 22898 | D        | Killed an ancient lich
 22904 | D        | Noticed an ancient lich
 22913 | D        | Killed an ancient lich
 22915 | D        | namelastname112: кансела нет
 22915 | D        | jacquesderrida: ZHOPINSKY!
 22916 | D        | Paralysed by a lich for 4 turns
 22926 | D        | Killed a lich
 22928 | D        | Killed a lich
 22928 | D        | Reached XP level 20. HP: 71/184 MP: 46/46
 23386 | D        | jacquesderrida: ПОСОНЫ ЯЗЫК ПЗЦ БОЛИТ!
 23972 | D        | jacquesderrida: Сегодня так прикусил, что всю вторую половину обеда у еды был привкус крови!!
 24191 | D        | oplop: сиди молча тогда
 24284 | D        | Got an elven rune of Zot
 24296 | D        | jacquesderrida: ЖОП ЛОП!!!
 24309 | D        | oplop: о, а это что за руна была
 24595 | D        | Noticed the Royal Jelly
 24600 | D        | Reached skill level 15 in Invocations
 24610 | D        | oplop: у эльфоты
 24613 | D        | jacquesderrida: Жопинская!
 24939 | D        | jacquesderrida: Недавно все играли в ябучий лайнспринт
 24940 | D        | jacquesderrida: FAD
 25752 | D        | Reached skill level 27 in Short Blades
 25761 | D        | Got a slimy rune of Zot
 25823 | D        | Reached skill level 27 in Dodging
 25866 | D        | jacquesderrida: ebaaaaaaaaaaaaaaaaaat
 28021 | D        | Noticed a greater mummy
 28021 | D        | Noticed a greater mummy
 28021 | D        | Noticed a greater mummy
 28023 | D        | Killed a greater mummy
 28024 | D        | Noticed a greater mummy
 28026 | D        | Noticed a greater mummy
 28027 | D        | Killed a greater mummy
 28027 | D        | Reached XP level 21. HP: 196/196 MP: 49/49
 28040 | D        | Killed a greater mummy
 28045 | D        | Killed a greater mummy
 28062 | D        | Got a golden rune of Zot
 28297 | D        | Got an abyssal rune of Zot
 28740 | D        | jacquesderrida: А если взять укулеле с его убийственной способностью?!?!?!
 28892 | D        | namelastname112: будет норм
 29003 | D        | jacquesderrida: И через толпы бегать
 29041 | D        | oplop: там нужно конец толпы видеть
 29198 | D        | jacquesderrida: И ЧЕ
 29223 | D        | Noticed Geryon
 29225 | D        | Killed Geryon
 29229 | D        | Noticed Gloorx Vloq
 29229 | D        | Noticed Mnoleg
 29230 | D        | jacquesderrida: УБИЛ ОДНОГО МОНСТЕРА И ВПИРЕД
 29230 | D        | Noticed Dispater
 29231 | D        | Killed Mnoleg
 29234 | D        | Noticed Asmodeus
 29235 | D        | Killed Gloorx Vloq
 29238 | D        | Noticed Ereshkigal
 29240 | D        | jacquesderrida: деееееееееееенг
 29242 | D        | oplop: упс
 29243 | D        | Killed Dispater
 29244 | D        | oplop: лол
 29245 | D        | oplop: они в сетку помещаются
 29249 | D        | Killed Asmodeus
 29249 | D        | Reached skill level 27 in Evocations
 29250 | D        | oplop: нежданчик
 29253 | D        | Killed Ereshkigal
 29257 | D        | Got a dark rune of Zot
 29261 | D        | Got a glowing rune of Zot
 29270 | D        | Noticed Cerebov
 29281 | D        | jacquesderrida: А что если это сетка растягивается?!?!
 29325 | D        | Noticed Antaeus
 29326 | D        | oplop: ПРЕВЕД
 29329 | D        | jacquesderrida: SCHAS VIEBET
 29385 | D        | jacquesderrida: а чече фрозин делает
 29417 | D        | namelastname112: замедло на бег
 29417 | D        | namelastname112: тупой антей блять
 29532 | D        | jacquesderrida: он че сука падло он че
 29550 | D        | jacquesderrida: ЗВЕРОБОЙ
 29564 | D        | Noticed Lom Lobon
 29566 | D        | Got an iron rune of Zot
 29571 | D        | Got an obsidian rune of Zot
 29575 | D        | Got a bone rune of Zot
 29583 | D        | Killed Lom Lobon
 29585 | D        | Got an icy rune of Zot
 29589 | D        | Got a fiery rune of Zot
 29593 | D        | Got a magical rune of Zot
 29600 | D        | Gained mutation: You are weak. (Str -2) [mutagenic glow]
 29608 | D        | jacquesderrida: ЧЕ ВСЕ
 29654 | D        | jacquesderrida: ВСЕХ ПАБЕДИЛ
 29654 | D        | namelastname112: куда антей делся
 29679 | D        | oplop: ждет на выходе
 29764 | D        | Gained mutation: You are frail. (-10% HP) [mutagenic glow]
 29765 | D        | jacquesderrida: SLILSYA
 29946 | D        | oplop: ты ж его дистортом ковырял
 29946 | D        | oplop: он тпшнулся наверн
 30170 | D        | Got the Orb of Zot
 30419 | D        | jacquesderrida: ЗАХ РУКАМИ БЕЖИВ
 30449 | D        | jacquesderrida: ЧЕ БЫ НЕ ФАСТ ТРЕВЕЛОМ
 30454 | D        | namelastname112: так интереснее
 30464 | D        | jacquesderrida: ЯСН
 30478 | D        | Noticed a seraph
 30481 | D        | jacquesderrida: ЕБАААААААААТь
 30483 | D        | jacquesderrida: ПЕЗДОНИ
 30844 | D        | Noticed Erites the pandemonium lord
 30942 | D        | Reached XP level 22. HP: 158/189 MP: 52/52
 30947 | D        | Got a serpentine rune of Zot
 31320 | D        | Reached skill level 27 in Spellcasting
 31343 | D        | Noticed Ofystuho the pandemonium lord
 31359 | D        | Killed Ofystuho the pandemonium lord
 31359 | D        | Reached skill level 27 in Fighting
 31519 | D        | Noticed Keicuats the pandemonium lord
 31642 | D        | Noticed Pahu the pandemonium lord
 31646 | D        | xeno23: чет дохуя панлордов
 31646 | D        | namelastname112: не дойду
 31697 | D        | Gained mutation: You tend to lose your temper in combat. [mutagenic glow]
 31811 | D        | xeno23: хуево без крови
 31834 | D        | Noticed Reucob the pandemonium lord
 31840 | D        | Banished Reucob the pandemonium lord
 31877 | D        | Noticed Hak Emul the pandemonium lord
 31882 | D        | Banished Hak Emul the pandemonium lord
 31921 | D        | Noticed Kewot the pandemonium lord
 31942 | D        | Banished Kewot the pandemonium lord
 32000 | D        | Noticed Xydoej the pandemonium lord
 32258 | D        | Noticed a seraph
 32260 | D        | namelastname112: все очень плохо, посоны
 32260 | D        | xeno23: без дисторта тут вообще нечего было бы ловить
 32261 | D        | xeno23: мммм
 32263 | D        | xeno23: да изи
 32265 | D        | xeno23: табай
 32266 | D        | xeno23: хаст
 32301 | D        | Banished a seraph
 32442 | D        | Escaped with the Orb!

Vault maps used:
D:        linesprint

Skill      XL: |  1  2  3  4  5  6  7  8  9 10 11 12 13 14 15 16 17 18 19 20 21 22 |
---------------+-------------------------------------------------------------------+-----
Fighting       | 1 2 5 6 7 8 9 11 12 13 15 16 18 19 20 22 24 26 27 | 27.0
Stealth        | 5 6 10 11 13 14 15 18 19 21 23 25 27 | 27.0
Dodging        | 3 4 7 8 9 10 11 13 14 16 17 19 21 22 24 26 27 | 27.0
Short Blades   | 2 3 6 7 9 10 11 13 14 16 17 19 20 22 24 25 27 | 27.0
Hexes          | 5 6 9 11 12 13 14 16 18 20 22 23 25 | 25.6
Spellcasting   | 3 5 6 8 9 10 11 12 14 15 16 18 19 21 22 24 26 27 | 27.0
Shields        | 4 8 12 16 17 | 17.0
Throwing       | 4 7 10 12 13 15 17 19 21 23 26 | 26.0
Armour         | 4 10 13 15 17 18 20 23 25 | 25.7
Evocations     | 3 12 17 21 24 27 | 27.0
Invocations    | 9 13 17 20 24 | 24.2

Action                   |  1- 3 |  4- 6 |  7- 9 | 10-12 | 13-15 | 16-18 | 19-21 | 22-24 || total
-------------------------+-------+-------+-------+-------+-------+-------+-------+-------++-------
Melee: Dagger            |    27 |       |       |       |       |       |       |       ||    27
       Bite              |     3 |     2 |     2 |    24 |    46 |    85 |   147 |   117 ||   426
       Rapier            |     5 |     4 |    41 |   217 |   399 |   493 |   435 |       ||  1594
       Double sword      |       |       |       |       |       |       |   181 |   461 ||   642
Throw: Throwing net      |       |       |       |       |       |     1 |    12 |     4 ||    17
 Cast: Confuse           |     2 |       |     6 |    59 |    93 |    29 |    10 |       ||   199
       Ensorcelled Hiber |       |       |     1 |    23 |    23 |       |       |       ||    47
       Dazzling Spray    |       |       |       |    13 |    30 |    60 |    19 |       ||   122
       Tukima's Dance    |       |       |       |     2 |       |       |       |       ||     2
Invok: Shadow Form       |       |       |       |       |       |       |     4 |    11 ||    15
 Abil: End Transformatio |     1 |       |     1 |     1 |     1 |     1 |     1 |       ||     6
       Bat Form          |     1 |       |     1 |     1 |     1 |     1 |     1 |       ||     6
Evoke: Wand              |       |       |       |       |     1 |       |     3 |     2 ||     6
  Use: Potion            |       |       |       |     1 |     4 |     3 |    18 |    23 ||    49
       Scroll            |       |       |       |       |     8 |     8 |     1 |       ||    17
 Stab: Sleeping          |     6 |       |    12 |    26 |    39 |    47 |    59 |       ||   189
       Confused          |       |       |     6 |    37 |    81 |    19 |     7 |       ||   150
       Invisible         |       |       |       |     9 |     8 |     2 |    11 |    42 ||    72
       Distracted        |       |       |       |     1 |       |     3 |     7 |     8 ||    19
       Held in net/web   |       |       |       |       |       |     1 |    19 |     6 ||    26
Armor: Robe              |     2 |       |     1 |     4 |    11 |       |       |       ||    18
       Shadow dragon arm |       |       |       |       |    66 |    88 |    99 |    53 ||   306
Dodge: Dodged            |    11 |     3 |    16 |   134 |   209 |   207 |   299 |   247 ||  1126
Block: Buckler           |       |       |       |    28 |    77 |    25 |       |       ||   130
       Shield            |       |       |       |       |       |   115 |   314 |   247 ||   676
